 Dungeon Crawl Stone Soup version 0.19-a0-1254-gb9c29c0 (webtiles) character file.

7483 4thArraOfDagon the Quickloader (level 11, -1/75 HPs)
             Began as a Human Hunter on Aug 27, 2016.
             Was an Elder of Okawaru.
             Slain by a vault guard
             ... wielding a +0 glaive
              (7 damage)
             ... on level 13 of the Dungeon.
             The game lasted 00:24:47 (4285 turns).

4thArraOfDagon the Quickloader (Human Hunter)       Turns: 4285, Time: 00:24:48

Health: -1/75      AC: 13    Str: 13    XL:     11   Next: 38%
Magic:  15/17      EV: 14    Int: 14    God:    Okawaru [****..]
Gold:   325        SH:  0    Dex: 18    Spells: 1 memorised, 8 levels left

rFire  + . .     SeeInvis +     a - +1 hand crossbow
rCold  . . .     Gourm    .     y - +0 scale mail {rF+}
rNeg   . . .     Faith    .     (no shield)
rPois  +         Spirit   .     (no helmet)
rElec  .         Dismiss  .     q - +0 cloak
rCorr  .         Reflect  .     (no gloves)
MR     .....     Harm     .     (no boots)
Stlth  ++........               (no amulet)
                                T - ring of see invisible
                                i - ring of poison resistance

@: heroism
A: claws 1, molten scales 1, yellow scales 1, see invisible, agile 2, wild magic
1, MP-powered wands
a: Heroism, Renounce Religion


You were on level 13 of the Dungeon.
You worshipped Okawaru.
Okawaru was greatly pleased with you.
You were not hungry.

You visited 2 branches of the dungeon, and saw 14 of its levels.
You visited the Abyss 1 time.
You also visited: Ice Cave.

You collected 325 gold pieces.

Inventory:

Hand Weapons
 a - a +1 hand crossbow (weapon)
 b - a +0 short sword
 h - a +0 blowgun
 v - a +0 falchion
 B - a +1 glaive of distortion
 D - a +0 flail of crushing
 G - a +0 blowgun
 Q - a +1 long sword
Missiles
 d - 120 bolts (quivered)
 K - 4 curare-tipped needles
 L - a throwing net
Armour
 c - a +0 leather armour
 q - a +0 cloak (worn)
 w - a +0 shield
 y - a +0 scale mail of fire resistance (worn)
Rods
 E - a +0 lightning rod (12/14)
   (You found it on level 8 of the Dungeon)
Jewellery
 i - a ring of poison resistance (left claw)
 H - an uncursed ring of positive energy
 O - an uncursed ring of flight
 T - a ring of see invisible (right claw)
Wands
 u - a wand of enslavement (7/24)
 I - a wand of lightning (8/15)
 S - a wand of acid (6/15)
Scrolls
 e - 3 scrolls of fear {unknown}
 g - 3 scrolls of blinking {unknown}
 m - a scroll of enchant weapon {unknown}
 r - 3 scrolls of recharging {unknown}
 s - 3 scrolls of remove curse {unknown}
 t - a scroll of teleportation {unknown}
 P - a scroll of silence {unknown}
 R - a scroll of magic mapping
Potions
 k - a potion of resistance {unknown}
 l - a potion of cure mutation {unknown}
 n - a potion of lignification {unknown}
 o - a potion of beneficial mutation {unknown}
 p - 2 potions of brilliance {unknown}
 z - 2 potions of heal wounds {unknown}
 A - 2 potions of flight {unknown}
 F - a potion of berserk rage {unknown}
 J - a potion of magic {unknown}
 N - a potion of degeneration {unknown}
Books
 C - a book of Clouds

   Spells                             Type                      Level
   a - Mephitic Cloud                 Conjuration/Poison/Air       3
   b - Conjure Flame                  Conjuration/Fire             3
   c - Poisonous Cloud                Conjuration/Poison/Air       6
   d - Freezing Cloud                 Conjuration/Ice/Air          6
   e - Ring of Flames                 Charms/Fire                  7
Comestibles
 f - 3 bread rations
 j - 5 meat rations


   Skills:
 + Level 3.0(8.0) Fighting
 * Level 8.1(13.1) Long Blades
 + Level 10.0(15.0) Crossbows
 + Level 2.2(7.2) Armour
 + Level 3.1(8.1) Dodging
 - Level 1.0(6.0) Stealth
 + Level 7.9 Invocations
 - Level 8.0 Evocations


You had 8 spell levels left.
You knew the following spells:

 Your Spells              Type           Power        Failure   Level  Hunger
a - Sublimation of Blood  Necr           #.........   99%         2    ###....


Dungeon Overview and Level Annotations

Branches:
Dungeon (12/15)            Temple (1/1) D:4            Lair (0/6) D:11
 Vaults (0/5) D:13
    Orc: D:9-12

Altars:
Cheibriados
Dithmenos
Fedhas
Gozag
Hepliaklqana
Kikubaaqudgha
Nemelex Xobeh
Okawaru
Ru
Uskayaw
Vehumet
Xom
Zin
The Shining One

Shops:
D:7 (   D:10 (

Annotations:
D:5 Blork the orc
D:8 Grum


Innate Abilities, Weirdness & Mutations

You have sharp fingernails.
You are partially covered in molten scales. (AC +2)
You are partially covered in yellow scales. (AC +2)
You have supernaturally acute eyesight. (SInv)
You are very agile. (Dex +4)
Your spells are a little harder to cast, but a little more powerful.
You expend magic power (3 MP) to strengthen your wands.


Message History

A zombie and a skeleton come into view.
The yak gores you but does no damage.
Unknown command.
You open the door.
The vault guard hits you with a long sword!
Found a scroll labeled MEOLIS BASSICW.
Unknown command.
Unknown command.
Unknown command.
Found 11 stones.
There is an open door here.
Unknown command.
Unknown command.
Unknown command.
Unknown command.
You gain the combat prowess of a mighty hero.
The white ugly thing trunk-slaps you. The white ugly thing freezes you!!
* * * LOW HITPOINT WARNING * * *
The vault guard hits you from afar with a glaive!
You die...

#. #. #.#
##+### #..#
##.....#
#...##Y#...#.#
#..(.#phZ....#
#....upsZZ...+
#...@#p..Z...#
#..?##.#...#.#
#..# ##Q..$.##
#..# ##+###
#.. #. #


You could see 2 vault guards, a white ugly thing, a yak, a scorpion, a hound, a
meliai zombie, a giant frog skeleton and a centaur warrior skeleton.

Vanquished Creatures
  A hill giant (D:12)
  An ugly thing (D:12)
  A centaur skeleton (D:11)
  A gargoyle (D:12)
  A kobold demonologist (D:9)
  2 two-headed ogres
  9 yaks
  A shadow (D:12)
  A vampire (D:12)
  A wraith (D:11)
  2 sky beasts
  8 ice beasts (D:11)
  An eye of draining (D:12)
  2 black bears
  2 ogres
  A centaur (D:9)
  A necrophage (D:10)
  14 big kobolds
  3 giant frogs
  2 scorpions
  4 wights (D:10)
  A crimson imp (D:9)
  A giant frog zombie (D:10)
  5 hounds
  A quasit (D:10)
  A giant frog skeleton (D:10)
  2 jellies
  2 orc wizards
  Jessica (D:2)
  6 worker ants
  A howler monkey skeleton (D:6)
  5 adders
  2 shadow imps
  A worm (D:4)
  2 giant geckos
  18 orcs
  A ball python (D:2)
  2 bats
  A giant cockroach (D:2)
  A goblin (D:2)
  3 hobgoblins (D:2)
  4 jackals
  3 quokkas
  A giant gecko zombie (D:8)
  2 giant newts (D:1)
  24 kobolds
150 creatures vanquished.

Vanquished Creatures (collateral kills)
  A wolf (D:8)
  A big kobold (D:9)
2 creatures vanquished.

Vanquished Creatures (others)
  A yak (D:9)
  2 wolves (D:8)
  An orc (D:6)
4 creatures vanquished.

Grand Total: 156 creatures vanquished

Notes
Turn   | Place    | Note
-------+----------+-------------------------------------------
     0 | D:1      | 4thArraOfDagon the Human Hunter began the quest for the Orb.
     0 | D:1      | Reached XP level 1. HP: 16/16 MP: 1/1
     0 | D:1      | simply human hunter
     0 | D:1      | lets win this
   123 | D:2      | Reached XP level 2. HP: 14/22 MP: 2/2
   179 | D:2      | Found a blossoming altar of Fedhas.
   214 | D:2      | Reached XP level 3. HP: 21/27 MP: 3/3
   261 | D:2      | Reached skill level 5 in Crossbows
   266 | D:2      | Found a shimmering altar of Xom.
   370 | D:2      | Noticed Jessica
   371 | D:2      | Killed Jessica
   371 | D:2      | Reached XP level 4. HP: 27/33 MP: 4/4
   501 | D:4      | Found a staircase to the Ecumenical Temple.
   508 | Temple   | Entered the Ecumenical Temple
   524 | Temple   | Became a worshipper of Warmaster Okawaru
   574 | D:4      | Found a snail-covered altar of Cheibriados.
   616 | D:4      | Noticed a slave
   630 | D:5      | Entered Level 5 of the Dungeon
   640 | D:5      | Noticed an ogre
   649 | D:5      | Killed an ogre
   649 | D:5      | Reached skill level 6 in Crossbows
   649 | D:5      | Reached XP level 5. HP: 16/38 MP: 5/5
   663 | D:5      | Reached XP level 6. HP: 12/44 MP: 6/6
   722 | D:5      | Noticed Blork the orc
   875 | D:5      | Reached * piety under Okawaru
   875 | D:5      | Reached skill level 7 in Crossbows
   991 | D:6      | Reached XP level 7. HP: 41/50 MP: 4/7
  1088 | D:6      | Found a radiant altar of Vehumet.
  1167 | D:7      | Found Liech's Weapon Emporium.
  1213 | D:7      | Reached skill level 8 in Crossbows
  1213 | D:7      | Reached skill level 1 in Invocations
  1222 | D:7      | Gained mutation: You have supernaturally acute eyesight. (SInv) [mutagenic meat]
  1225 | D:7      | Gained mutation: You are partially covered in yellow scales. (AC +2) [mutagenic meat]
  1228 | D:7      | Gained mutation: You are agile. (Dex +2) [mutagenic meat]
  1231 | D:7      | Gained mutation: Your spells are a little harder to cast, but a little more powerful. [mutagenic meat]
  1234 | D:7      | Gained mutation: You are very agile. (Dex +4) [mutagenic meat]
  1237 | D:7      | Gained mutation: You are partially covered in molten scales. (AC +2) [mutagenic meat]
  1250 | D:7      | Cast into level 2 of the Abyss (a distortion unwield)
  1251 | Abyss:2  | LOL4
  1267 | D:7      | Escaped the Abyss
  1268 | D:7      | LOL5
  1361 | D:9      | Noticed a two-headed ogre
  1365 | D:9      | Killed a two-headed ogre
  1365 | D:9      | Reached ** piety under Okawaru
  1365 | D:9      | Reached XP level 8. HP: 56/56 MP: 6/9
  1415 | D:8      | Noticed Grum
  1813 | D:9      | Reached skill level 9 in Crossbows
  1847 | D:9      | Learned a level 2 spell: Sublimation of Blood
  1853 | D:9      | Found a sparkling altar of Nemelex Xobeh.
  2029 | D:9      | Reached skill level 1 in Long Blades
  2107 | D:9      | Reached *** piety under Okawaru
  2129 | D:9      | Reached XP level 9. HP: 50/61 MP: 12/12
  2129 | D:9      | Reached skill level 5 in Evocations
  2150 | D:9      | Noticed a kobold demonologist
  2180 | D:9      | Killed a kobold demonologist
  2226 | D:9      | Reached skill level 5 in Invocations
  2379 | D:9      | Lost mutation: You are very agile. (Dex +4) [potion of mutation]
  2379 | D:9      | Gained mutation: You expend magic power (3 MP) to strengthen your wands. [potion of mutation]
  2379 | D:9      | Gained mutation: You are very agile. (Dex +4) [potion of mutation]
  2528 | D:9      | Reached **** piety under Okawaru
  2691 | D:9      | Reached XP level 10. HP: 32/67 MP: 12/15
  2817 | D:10     | Entered Level 10 of the Dungeon
  3259 | D:11     | Noticed a five-headed hydra
  3380 | D:10     | Reached skill level 5 in Long Blades
  3457 | D:10     | Found Congil's Weapon Shop.
  3675 | D:11     | Found a frozen archway.
  3785 | IceCv    | Entered an ice cave
  3851 | D:11     | Received a gift from Okawaru
  3947 | D:11     | Reached XP level 11. HP: 22/72 MP: 10/17
  4025 | D:12     | Noticed a hill giant
  4043 | D:12     | Killed a hill giant
  4043 | D:12     | Received a gift from Okawaru
  4043 | D:12     | Reached skill level 1 in Armour
  4157 | D:12     | Reached skill level 10 in Crossbows
  4243 | D:12     | Noticed a purple ugly thing
  4273 | D:12     | Killed a purple ugly thing
  4280 | D:12     | Gained mutation: You have sharp fingernails. [mutagenic meat]
  4280 | D:12     | You fall through a shaft!
  4280 | D:13     | Found a gate to the Vaults.
  4280 | D:13     | Noticed a vault guard
  4280 | D:13     | Noticed a vault guard
  4280 | D:13     | Noticed a vault guard
  4280 | D:13     | Noticed a vault guard
  4280 | D:13     | Noticed a white ugly thing
  4280 | D:13     | Noticed a tengu warrior
  4281 | D:13     | HOW
  4281 | D:13     | Leszczynek: wow
  4281 | D:13     | incide: get fuuuuuuuucked
  4281 | D:13     | 4thArraOfDagon: QQ
  4281 | D:13     | incide: tele?
  4281 | D:13     | 4thArraOfDagon: yes no worries
  4285 | D:13     | Slain by a vault guard

Vault maps used:
D:1:      sevenhm_arrival_forest_fort_large_4, minmay_statues_item,
          moated_statue
D:2:      lemuel_coloured_pillars_altar, nicolae_overflow_crystal_walls,
          first_bread, uniq_jessica
D:3:      minmay_diamond_boxcup, uniq_grinder, uniq_purgy
D:4:      cheibriados_altar_1, grunt_temple_overflow_diamond, uniq_pikel
D:5:      fountainhead, uniq_blork_the_orc
D:6:      lightli_temple_of_fire, fiery_altar_vehumet, serial_shops,
          kennysheep_mini_moat, minivault_19, uniq_duvessa
D:7:      gammafunk_temple_overflow_claw, serial_shops, shop
D:8:      uniq_grum
D:9:      nemelex_xobeh_ov_fountains_minmay, david_orc_5, special_room
D:10:     serial_shops, shop
D:11:     lair_0_dummy, portal_ice_cave_entry_ice_beasts, minmay_misc_feat_iff
D:12:     serial_shops, shop, shop, shop, grunt_livestock, uniq_gastronok
D:13:     lightli_vaults_fourway_checkpoint, enter_bailey_8, basic_altar,
          uniq_maurice
Temple:   jpeg_temple_island
Abyss:2:  evilmike_abyss_exit_chaos
IceCv:    ice_cave_caverns_02

Skill      XL: |  1  2  3  4  5  6  7  8  9 10 11 |
---------------+----------------------------------+-----
Crossbows      | 5 6 7 8 9 10 | 10.0
Invocations    | 2 4 5 7 |  7.9
Evocations     | 2 4 7 8 |  8.0
Long Blades    | 2 4 7 8 |  8.1
Armour         | 2 |  2.2
Dodging        | 3 |  3.1
Fighting       | 3 |  3.0
Stealth        | |  1.0

Action                   |  1- 3 |  4- 6 |  7- 9 | 10-12 || total
-------------------------+-------+-------+-------+-------++-------
Melee: Falchion          |       |       |   259 |    88 ||   347
       Long sword        |       |       |       |    82 ||    82
       Punch             |       |       |       |     1 ||     1
 Fire: Hand crossbow     |    48 |    52 |    84 |   193 ||   377
Invok: Heroism           |       |     2 |     6 |    17 ||    25
Evoke: Rod               |       |       |     7 |    10 ||    17
       Wand              |       |       |     7 |     3 ||    10
  Use: Scroll            |       |       |     2 |     4 ||     6
       Potion            |       |       |     1 |       ||     1
  Eat: Chunk             |       |       |    13 |     3 ||    16
       Bread ration      |       |       |       |     1 ||     1
Armor: Leather armour    |     3 |     9 |     3 |       ||    15
       Scale mail        |       |       |   133 |   125 ||   258
Dodge: Dodged            |     8 |    33 |   142 |   148 ||   331
